[Event "*** Titled Tuesday Blitz"]
[Site "Chess.com"]
[Date "2020.04.07"]
[Round "8"]
[White "ferdipy"]
[Black "The_Machine04"]
[Result "1-0"]
[WhiteElo "2185"]
[BlackElo "2356"]
[TimeControl "180+1"]
[EndTime "14:35:08 PDT"]
[Termination "ferdipy won by checkmate"]

1. e4 d6 2. d4 Nf6 3. Nc3 e5 4. Nf3 Nbd7 5. h3 Be7 6. Bc4 c6 7. a4 h6 8. Be3 Qc7 9. Qd2 Nf8 10. O-O Ng6 11. dxe5 dxe5 12. Rad1 Nh5 13. Ne2 a5 14. c3 Bd7 15. Qc2 Rd8 16. Qb3 O-O 17.
Bb6 Qc8 18. Bxd8 Rxd8 19. Bxf7+ Kh7 20. Bxg6+ Kxg6 21. Nxe5+ Kh7 22. Qf7 Nf6 23. Qxe7 Re8 24. Qd6 Bxh3 25. Ng3 Re6 26. Qd8 Rxe5 27. Qxc8 Bxc8 28.
f4 Re7 29. Rd8 Bg4 30. c4 h5 31. e5 Nd7 32. Rf2 Nc5 33. Rfd2 Nxa4 34. Ne4 Kg6 35. Nd6 Nc5 36. Rf2 Kh7 37. Re8 Rd7 38. Ra8 Nd3 39. Rf1 Be2 40. Ra1 Nxf4 41. R8xa5 Ne6 42.
Ra8 Re7 43. R1a7 Nc5 44. Re8 Rd7 45. Raa8 Bg4 46. Rad8 Rc7 47. Rh8+ Kg6 48. Ne8 Re7 49. Rd6+ Ne6 50. Rg8 Kf5 51. Rh8 Kxe5 52. Rd7 Nf4 53. Rxe7+ Kd4 54. Rxg7 Ne2+ 55. Kf2 Kxc4 56. Rxg4+ hxg4 57. Kxe2 Kb3 58. Nf6 c5 59. Nxg4 c4 60. Ne5 b5 61.
Rb8 b4 62. Nxc4 Kxc4 63. Kd2 Kb3 64. g4 Kxb2 65. Rxb4+ Ka3 66. Rb8 Ka4 67. g5 Ka5 68. g6 Ka6 69. g7 Ka7 70. Rb1 Ka6 71. g8=Q Ka7 72. Qa2# 1-0

[Event "*** Titled Tuesday Blitz"]
[Site "Chess.com"]
[Date "2020.04.07"]
[Round "8"]
[White "theprosecution1"]
[Black "vlad_Sid"]
[Result "1-0"]
[WhiteElo "2814"]
[BlackElo "2636"]
[TimeControl "180+1"]
[EndTime "14:35:10 PDT"]
[Termination "theprosecution1 won by resignation"]

1. e4 c6 2. Nc3 d5 3. Nf3 dxe4 4. Nxe4 Nf6 5. Qe2 Nxe4 6. Qxe4 Qa5 7. Bc4 Bf5 8. Qf4 e6 9. O-O Nd7 10. d3 Be7 11. h3 h6 12. Bd2 Qb6 13. Rfe1 O-O 14. Bc3 Bf6 15. Bxf6 Nxf6 16. Nd4 Bg6 17. Bb3 Rad8 18.
Nf3 Nd5 19. Qg3 Bf5 20. Re2 Qc7 21. Ne5 f6 22. Nf3 Qxg3 23. fxg3 e5 24. d4 e4 25. Nd2 Rfe8 26. Rae1 Kf8 27. Nxe4 b6 28. Kf2 h5 29. a3 a5 30. c3 Nc7 31. Kf3 Bc8 32. Nd2 c5 33.
Rxe8+ Nxe8 34. Nc4 cxd4 35. Nxb6 dxc3 36. bxc3 Rd3+ 37.
Re3 Bb7+ 38. Ke2 Rxe3+ 39. Kxe3 Bxg2 40. h4 Nd6 41. c4 Nf5+ 42. Kf4 Nd4 43. Bd1 Ke7 44.
Bxh5 Kd6 45. Ke3 Nc2+ 46. Kd3 Nxa3 47. Na4 Bc6 48. Bd1 Bxa4 49. Bxa4 Kc5 50. Bb3 Kb4 51. Ba2 a4 52. g4 g6 53. h5 gxh5 54. gxh5 Nxc4 55.
Bxc4 a3 56. Ba2 1-0

[Event "*** Titled Tuesday Blitz"]
[Site "Chess.com"]
[Date "2020.04.07"]
[Round "8"]
[White "jk13"]
[Black "Parhamov"]
[Result "0-1"]
[WhiteElo "2832"]
[BlackElo "3084"]
[TimeControl "180+1"]
[EndTime "14:35:11 PDT"]
[Termination "Parhamov won by resignation"]

1. e4 c5 2. c3 Nf6 3. e5 Nd5 4. Bc4 Nb6 5. Bb3 c4 6. Bc2 Nc6 7. Nf3 Qc7 8. Qe2 g5 9. Na3 g4 10. Nb5 Qb8 11. Nh4 Nxe5 12. O-O a6 13. Nd4 d6 14. f4 gxf3 15. Nhxf3 Qc7 16. Nxe5 dxe5 17. Nf5 Bxf5 18. Bxf5 e6 19. Bc2 O-O-O 20. b3 f5 21. Kh1 e4 22. a4 a5 23. Qh5 Rg8 24. Rb1 Qe5 25. bxc4 Bc5 26. Rb5 Nd7 27. d4 exd3 28. Bxd3 Qc7 29. Bf4 Qc6 30. Qh3 b6 31. Be2 Nf6 32.
Bf3 Ne4 33. Rbb1 Rd3 34. Qxh7 Rgd8 35. Rb2 Rxc3 36. h3 Rcd3 37. Re2 R3d4 38. Be5 Rxc4 39. Rfe1 Qd7 40. Qxd7+ Rxd7 41. Bxe4 fxe4 42. Rxe4 Rc2 43. Rg4 Kb7 44. h4 Ka6 45. Kh2 b5 46. axb5+ Kxb5 47. h5 Rh7 48. Rh4 a4 49. Rb1+ Kc6 50. h6 a3 51. Bg7 a2 52. Rf1 Be3 53. Kg3 e5 54.
Ra4 Kb5 55. Ra8 Bd4 56. Kg4 Rxg2+ 57. Kf5 Rhxg7 58. hxg7 Rxg7 59. Ke4 Rg2 60. Kd5 Rd2 61. Ke6 e4 62. Kf5 e3 63. Re1 e2 64. Ke4 Bf2 65.
Ra1 e1=Q+ 66. Rxe1 Bxe1 67. Ke3 Rh2 68. Kd3 Ba5 69.
Rb8+ Ka4 70. Kc4 a1=Q 0-1

[Event "*** Titled Tuesday Blitz"]
[Site "Chess.com"]
[Date "2020.04.07"]
[Round "8"]
[White "FMAntonio"]
[Black "zmeeed67"]
[Result "1-0"]
[WhiteElo "2560"]
[BlackElo "2395"]
[TimeControl "180+1"]
[EndTime "14:35:11 PDT"]
[Termination "FMAntonio won by resignation"]

1. d4 d5 2. c4 e6 3. Nc3 c6 4. e3 Nf6 5. Nf3 Nbd7 6. Qc2 b6 7.
Bd3 Bb7 8. O-O Be7 9. e4 dxe4 10.
Nxe4 Nxe4 11. Bxe4 Nf6 12. Bd3 c5 13. dxc5 Bxc5 14. Qa4+ Qd7 15. Qxd7+ Nxd7 16. Be2 Ke7 17. a3 Rhd8 18. b4 Bd6 19. Bb2 f6 20. Rfe1 e5 21. Bd3 g6 22. Nd4 Rac8 23. Nb5 Bb8 24. Bf1 Nf8 25.
f4 e4 26. g3 Ne6 27. Re2 f5 28. Rc1 g5 29. fxg5 Nxg5 30. Bg2 Ne6 31. Bh3 Rf8 32. Rf2 f4 33. gxf4 Bxf4 34. Re1 Rxc4 35. Bxe6 Kxe6 36. Nd4+ Ke7 37. Rfe2 Rg8+ 38. Kf1 Rcc8 39. Rxe4+ Bxe4 40. Rxe4+ Kd6 41. Nf5+ Kd5 42. Rxf4 Rce8 43. Kf2 Kc6 44. Ne3 Rg6 45. Nc4 Re7 46. Ne5+ Rxe5 47. Bxe5 Re6 48.
Bc3 Kb5 49. Rf7 a6 50. Rxh7 Ka4 51. Bb2 Kb3 52. Bc1 Rc6 53. Rh3+ Kc2 54. Bf4 Kb1 55. Rb3+ Ka2 56. Rd3 Rc2+ 57. Kf3 Rxh2 58. Bxh2 Kb2 59. Be5+ Kb1 60. Rd6 b5 61. Rxa6 Kc2 62. Ra5 Kb3 63. Rxb5 Kc4 64. Rb8 Kd3 65. b5 1-0

[Event "*** Titled Tuesday Blitz"]
[Site "Chess.com"]
[Date "2020.04.07"]
[Round "8"]
[White "Lysiak_Poltorak"]
[Black "Alliswell998"]
[Result "0-1"]
[WhiteElo "2368"]
[BlackElo "2540"]
[TimeControl "180+1"]
[EndTime "14:35:11 PDT"]
[Termination "Alliswell998 won on time"]

1. d4 Nf6 2. c4 c5 3. d5 b5 4. Qc2 g6 5. e4 d6 6. Nf3 Bg7 7. Bd3 O-O 8. O-O bxc4 9. Bxc4 Ba6 10. Nbd2 Nfd7 11. Rb1 Nb6 12. b3 Bxc4 13. Nxc4 Nxc4 14. Qxc4 Qc8 15. Bb2 Qa6 16. Bxg7 Kxg7 17. Qc3+ Kg8 18. e5 Qxa2 19. exd6 exd6 20. Rfe1 Qa6 21. Re7 Qc8 22.
Ng5 Qf5 23. Ne4 f6 24. Re1 Nd7 25. Nxd6 Qxd5 26. Rxd7 Rad8 27. Rxd8 Rxd8 28. Nc4 Kg7 29. h3 Rd7 30. Qe3 Rb7 31. Qc3 h5 32. Qc2 h4 33. Rd1 Qe6 34. Qd3 g5 35. Rb1 Rd7 36. Qc2 Rd4 37. Rd1 Re4 38. Qd2 Kh6 39. Ne3 Rd4 40.
Qc2 Re4 41. Rd8 Kg7 42. Rd6 Qe5 43. Rd7+ Kg8 44. Qd1 Rd4 45. Rxd4 cxd4 46. Nc4 Qe4 47. Qd2 d3 48. Qe3 Qd5 49. Nd2 Kf7 50. Qxa7+ Kg6 51.
Qe3 Kg7 52. Qe1 Qd4 53. Qc1 Qe5 54. Qd1 f5 55. Nf1 Qe2 56. Qb1 d2 57. Ne3 Qe1+ 0-1

[Event "*** Titled Tuesday Blitz"]
[Site "Chess.com"]
[Date "2020.04.07"]
[Round "8"]
[White "TheBigBoss04"]
[Black "Carnivoras"]
[Result "0-1"]
[WhiteElo "2776"]
[BlackElo "2636"]
[TimeControl "180+1"]
[EndTime "14:35:12 PDT"]
[Termination "Carnivoras won on time"]

1. g3 d5 2. Bg2 Nf6 3. Nf3 Bf5 4.
O-O e6 5. c4 c6 6. d3 Be7 7. cxd5 exd5 8. Nc3 O-O 9. Nh4 Bg4 10.
h3 Bh5 11. Nf5 Nbd7 12. Bf4 Re8 13. Nxe7+ Qxe7 14. g4 Bg6 15. e3 Nc5 16. d4 Nd3 17. Qd2 Nxf4 18. exf4 h6 19. Rae1 Qd7 20. Re5 Ne4 21. Qc1 f6 22. Rxe8+ Rxe8 23. f5 Bf7 24. Re1 Nxc3 25. bxc3 Rxe1+ 26. Qxe1 Qe8 27. Qb1 Qe7 28. a4 b6 29. Bf3 Qa3 30. Qe1 Qxa4 31. Qe7 Qa1+ 32.
Kg2 Qxc3 33. Qd8+ Kh7 34. Qc7 Bg8 35. g5 Qxd4 36. g6+ Kh8 37. Qxa7 Qe5 38. Bg4 d4 39.
Qxb6 c5 40. Qa6 c4 41. Qc8 d3 42. Bd1 Qd5+ 43. Kg3 d2 44. h4 Qd3+ 45. f3 Qd6+ 46. Kg2 Qd5 47. h5 Qd6 48. Kh3 Qf4 49. Kg2 Qg5+ 50.
Kf2 Qh4+ 51. Ke3 Qe1+ 52. Be2 d1=Q 53. Kf4 Qexe2 0-1

[Event "*** Titled Tuesday Blitz"]
[Site "Chess.com"]
[Date "2020.04.07"]
[Round "8"]
[White "Taabling"]
[Black "matiss90"]
[Result "1-0"]
[WhiteElo "2331"]
[BlackElo "2516"]
[TimeControl "180+1"]
[EndTime "14:35:12 PDT"]
[Termination "Taabling won on time"]

1. e4 c5 2. Nf3 d6 3. c3 Nf6 4. Bd3 g6 5. O-O Bg7 6. Re1 O-O 7. Bc2 e5 8. h3 Nc6 9. d4 b5 10. dxe5 dxe5 11. Qxd8 Rxd8 12. Be3 Bf8 13. Nbd2 h6 14. a4 Nd4 15. Bxd4 cxd4 16. axb5 dxc3 17. bxc3 Rb8 18. c4 a6 19. bxa6 Rb2 20. a7 Be6 21. Ba4 Bc5 22. Bc6 Bxa7 23. Rxa7 Rdxd2 24. Nxd2 Rxd2 25. Bd5 Rc2 26. Bxe6 fxe6 27. Rc7 Ne8 28. Rc8 Kf7 29. Rd1 Nf6 30. f3 g5 31. Rd6 Nh5 32. Rc7+ Kf6 33. Rd8 Nf4 34. Rf8+ Kg6 35. Rg8+ Kh5 36. Kf1 Kh4 37.
Rf7 Kg3 38. Rxf4 exf4 39. Rh8 Rc1+ 40. Ke2 Kxg2 41. Rxh6 Rc2+ 42. Kd3 Rc1 43. e5 Kxf3 44. h4 Rd1+ 45. Kc2 Rd4 46. Kc3 Rd1 47. hxg5 Ke4 48. Rxe6 f3 49. Rf6 Rg1 50. e6 Ke3 51. e7 Rc1+ 52. Kb4 Rb1+ 53. Kc5 Rb8 54. Rf8 f2 55. e8=Q+ Rxe8 56. Rxe8+ 1-0

[Event "*** Titled Tuesday Blitz"]
[Site "Chess.com"]
[Date "2020.04.07"]
[Round "8"]
[White "HrvojeZagreb"]
[Black "tamarozi99"]
[Result "1-0"]
[WhiteElo "2138"]
[BlackElo "1951"]
[TimeControl "180+1"]
[EndTime "14:35:12 PDT"]
[Termination "HrvojeZagreb won by resignation"]

1. d4 Nf6 2. Bf4 g6 3. Nc3 d5 4. e3 Bg7 5. h4 h5 6. Nf3 Na6 7.
Ne5 c5 8. Qd2 c4 9. f3 Qa5 10.
a3 Nd7 11. e4 Nxe5 12. Bxe5 Bxe5 13. dxe5 dxe4 14. Bxc4 Qxe5 15. Bb5+ Kf8 16. fxe4 Bg4 17. Be2 Qg3+ 18. Kf1 Kg7 19. Bxg4 hxg4 20. Qf2 Qxf2+ 21. Kxf2 Rad8 22. Rae1 Nc5 23. g3 Rd2+ 24. Re2 Rhd8 25. Re1 e5 26. Ke3 Rxe2+ 27. Rxe2 f5 28. Rf2 Kf6 29.
h5 Rf8 30. hxg6 Kxg6 31. exf5+ Rxf5 32. Rxf5 Kxf5 33. Nd5 Ne4 34. Ne7+ Ke6 35. Kxe4 Kxe7 36. Kxe5 b6 37. Kf4 Kf6 38. Kxg4 a5 39. a4 Ke5 40.
Kf3 Kd4 41. g4 Kc4 42. g5 Kb4 43. g6 Kxa4 44. g7 b5 45. g8=Q b4 46. Qb3+ Kb5 47. c4+ Kc5 48. Ke4 a4 49. Qxa4 Kxc4 50. Qc2+ Kb5 51.
b3 Ka5 52. Qc4 Kb6 53. Qxb4+ Kc6 54. Qd4 Kb5 55. Qc4+ Ka5 56. Kd5 Kb6 57. Kd6 Ka5 58.
Qc5+ Ka6 59. Qb4 1-0

[Event "*** Titled Tuesday Blitz"]
[Site "Chess.com"]
[Date "2020.04.07"]
[Round "8"]
[White "florianschwabeneder"]
[Black "W_Amadeus"]
[Result "0-1"]
[WhiteElo "2517"]
[BlackElo "2725"]
[TimeControl "180+1"]
[EndTime "14:35:14 PDT"]
[Termination "W_Amadeus won on time"]

1. e4 c5 2. Nf3 e6 3. c3 Nf6 4.
e5 Nd5 5. d4 cxd4 6. cxd4 d6 7.
Bc4 Nc6 8. O-O Be7 9. exd6 Qxd6 10. Nc3 O-O 11. Re1 b6 12. h3 Nxc3 13. bxc3 Bb7 14.
Bd3 Rfd8 15. Qe2 Rac8 16. Bd2 Bf6 17. Rad1 Ne7 18. Rc1 Ng6 19. Be4 Bd5 20. Bg5 Bxe4 21. Qxe4 Bxg5 22. Nxg5 Qd5 23. Qxd5 Rxd5 24. Ne4 Ne7 25.
Red1 Rc4 26. Nd2 Ra4 27. Rc2 Nf5 28. Nf3 Nd6 29. Ne5 Rda5 30. Rdd2 Nc4 31. Nxc4 Rxc4 32. Kf1 Ra3 33. Rd3 b5 34. Ke2 b4 35. Kd2 bxc3+ 36.
Rdxc3 Rcxc3 37. Rxc3 Rxa2+ 38. Ke3 g6 39. Rc7 Kg7 40. h4 h6 41. g4 g5 42. hxg5 hxg5 43. f3 Kg6 44. Ke4 a5 45. Ra7 a4 46.
Ke3 a3 47. Ra6 Kg7 48. Ra7 Kf6 49. Ra6 Ra1 50. Kf2 a2 51. Kg2 Ke7 52. Kh2 Kd7 53. Kg2 Kc7 54. Kh2 Kb7 55. Ra3 Kb6 56. Kg2 Kb5 57. Kh2 Kb4 58. Ra4+ Kxa4 0-1

[Event "*** Titled Tuesday Blitz"]
[Site "Chess.com"]
[Date "2020.04.07"]
[Round "8"]
[White "PawnEatingZombie"]
[Black "VALPARAISO37"]
[Result "1-0"]
[WhiteElo "2147"]
[BlackElo "2287"]
[TimeControl "180+1"]
[EndTime "14:35:15 PDT"]
[Termination "PawnEatingZombie won on time"]

1. d4 Nf6 2. c4 e6 3. Nc3 Bb4 4. Qc2 d6 5. e4 Bxc3+ 6. bxc3 e5 7. Bd3 c5 8. Ne2 Nc6 9. O-O Bg4 10. f3 Bh5 11. Bg5 h6 12. Bh4 g5 13. Bf2 b6 14. Qd2 Qc7 15. Bc2 Na5 16. Ba4+ Nd7 17. Ng3 Bg6 18. dxe5 Nxc4 19. Qd5 O-O 20. Bxd7 Nxe5 21.
Bf5 Kg7 22. Rfd1 Rad8 23. Bxg6 fxg6 24. Ne2 h5 25. Bg3 h4 26. Bxe5+ dxe5 27. Qc4 Rf6 28. Rxd8 Qxd8 29. Qd5 Qe7 30. Rd1 Kh6 31. Qd8 Qg7 32.
c4 Rf7 33. h3 Kh7 34. Nc3 Kh6 35. Rd6 Rf8 36. Qd7 Rf7 37. Qe6 Re7 38. Qd5 Qf8 39. Re6 Rxe6 40. Qxe6 Qf4 41. Nd5 Qc1+ 42. Kf2 Qc2+ 43.
Kg1 Qxc4 44. Qe7 Qc1+ 45. Kh2 g4 46. Qf8+ Kg5 47. Qe7+ Kh6 48. hxg4 h3 49. Qh4+ Kg7 50. Qe7+ Kh6 51. Qh4+ Kg7 52. Qxh3 g5 53. Qh5 Qd2 54.
Qe8 Qe1 55. Qxe5+ Kg6 56. Qf5+ Kh6 57. Qf6+ Kh7 58. Qf7+ Kh6 59. Qf6+ Kh7 60. Qxg5 c4 61. Nf6+ 1-0

[Event "*** Titled Tuesday Blitz"]
[Site "Chess.com"]
[Date "2020.04.07"]
[Round "8"]
[White "Oleksandr_Bortnyk"]
[Black "TigrVShlyape"]
[Result "1-0"]
[WhiteElo "2996"]
[BlackElo "2850"]
[TimeControl "180+1"]
[EndTime "14:35:16 PDT"]
[Termination "Oleksandr_Bortnyk won by resignation"]

1. e4 c5 2. c3 Nf6 3. e5 Nd5 4. d4 cxd4 5. Nf3 Nc6 6. cxd4 d6 7. Nc3 dxe5 8. dxe5 Nxc3 9. Qxd8+ Nxd8 10. bxc3 Bd7 11. Be3 e6 12. Nd4 a6 13. Bd3 Nc6 14. f4 Nxd4 15.
Bxd4 Bc6 16. Kf2 Be7 17. Rhb1 h5 18. a4 g6 19. Be2 O-O-O 20. Rb6 Kc7 21. Rab1 Rb8 22. a5 Rhd8 23. R6b2 Rg8 24. Bf3 Bxf3 25. Kxf3 Kc6 26. Ba7 Bc5 27. Bxb8 Rxb8 28. Rd1 Rc8 29.
g3 Rc7 30. h3 Be7 31. g4 hxg4+ 32. hxg4 Bc5 33. Ke4 Rc8 34. Rdb1 Rc7 35. Rd2 Rc8 36. Rh2 Rc7 37. Rh8 b5 38. axb6 Bxb6 39. Rb8 Ba7 40. R8b4 Bc5 41. Ra4 Ra7 42. f5 gxf5+ 43. gxf5 exf5+ 44.
Kxf5 a5 45. Kf6 Bb6 46. c4 Bd8+ 47. Kf5 Rd7 48. Raa1 Rd2 49. Rd1 Rf2+ 50. Kg4 Bc7 51. Rf1 Rc2 52. Rxf7 Bxe5 53. Rxa5 Rxc4+ 54. Kf5 Rf4+ 55. Ke6 Rxf7 56. Kxf7 Bd6 57. Ke6 Bc5 58. Ra2 Bb6 59. Rc2+ Kb7 60. Kd7 Bd4 61. Rc4 Be3 62. Rb4+ Ka8 63.
Kc7 Bf4+ 64. Rxf4 1-0

[Event "*** Titled Tuesday Blitz"]
[Site "Chess.com"]
[Date "2020.04.07"]
[Round "8"]
[White "Chigorinetz"]
[Black "nomessi"]
[Result "1-0"]
[WhiteElo "2499"]
[BlackElo "2325"]
[TimeControl "180+1"]
[EndTime "14:35:17 PDT"]
[Termination "Chigorinetz won on time"]

1. e4 Nf6 2. Nc3 e5 3. Bc4 Nxe4 4. Qh5 Nd6 5. Bb3 g6 6. Qxe5+ Qe7 7. Qxe7+ Bxe7 8. Nd5 Bd8 9. d4 c6 10. Bf4 Nf5 11. Ne3 d5 12. O-O-O O-O 13. Nf3 Be6 14. Ng4 Nd7 15. Rhe1 a5 16. a4 Kg7 17. c3 h5 18. Ne3 Nf6 19. Nxf5+ Bxf5 20. Bd6 Re8 21. Be5 Kg8 22. Bc2 Bxc2 23. Kxc2 Ne4 24. Re2 f6 25. Bf4 g5 26. Bc1 Kf7 27. Ne1 Bc7 28. Nd3 b6 29. h3 h4 30. Rde1 Nd6 31. Rxe8 Rxe8 32. Rxe8 Kxe8 33. b3 Kf7 34. f3 Ke6 35. Kd1 Nf5 36.
b4 axb4 37. Nxb4 c5 38. dxc5 bxc5 39. Nd3 c4 40. Nc5+ Kd6 41. Ba3 Kc6 42. Ne6 Bd6 43. Bc1 Kb6 44. f4 gxf4 45. Ke2 Ka5 46. Bxf4 1-0

[Event "*** Titled Tuesday Blitz"]
[Site "Chess.com"]
[Date "2020.04.07"]
[Round "8"]
[White "Alexander_Donchenko"]
[Black "RzayevB"]
[Result "1-0"]
[WhiteElo "2855"]
[BlackElo "2656"]
[TimeControl "180+1"]
[EndTime "14:35:18 PDT"]
[Termination "Alexander_Donchenko won by checkmate"]

1. Nf3 Nc6 2. c4 e5 3. Nc3 Nf6 4. e3 Bb4 5. Qc2 O-O 6. Nd5 Bc5 7. Ng5 g6 8. Nxf6+ Qxf6 9. Ne4 Qe7 10. Nxc5 Qxc5 11. a3 a5 12. Bd3 d5 13. cxd5 Qxd5 14. Be4 Qd6 15. b3 f5 16. Bd3 Be6 17. Bb2 Rfd8 18.
Bb5 Bd5 19. O-O Bxg2 20. Bc4+ Bd5 21. f4 Bxc4 22. Qxc4+ Qd5 23. Bc3 exf4 24. Qxf4 Re8 25. Qh6 Ne5 26. Rf4 Re7 27. Raf1 Ra6 28. Rd4 Qf7 29. Kh1 Re8 30. e4 Ng4 31. Qf4 Rf6 32. Rc4 Rc6 33. Rxc6 bxc6 34. exf5 gxf5 35. Qg5+ Qg6 36.
Rxf5 Rf8 37. Qxg6+ hxg6 38. Rxf8+ Kxf8 39. Bxa5 Ne5 40. Bxc7 Nf3 41. Bf4 Nd4 42. b4 Ke7 43. a4 Kd7 44. Be3 Nc2 45. Bc5 Ne1 46. Kg1 Nf3+ 47.
Kg2 Nxd2 48. Kg3 Ne4+ 49. Kf4 Nd2 50. h4 Kc7 51. a5 Kb7 52. Kg4 Ka6 53. Be7 Kb5 54.
Kg5 c5 55. bxc5 Nf3+ 56. Kxg6 Kxa5 57. h5 Ne5+ 58. Kg7 Ng4 59. h6 Kb5 60. h7 Nh6 61. Kxh6 Kc6 62. h8=Q Kd7 63. Qe5 Ke8 64. Bh4+ Kf7 65.
Qf6+ Kg8 66. Qe7 Kh8 67. Qe8# 1-0

[Event "*** Titled Tuesday Blitz"]
[Site "Chess.com"]
[Date "2020.04.07"]
[Round "8"]
[White "aloe_normansen"]
[Black "jaskol95"]
[Result "0-1"]
[WhiteElo "2194"]
[BlackElo "2390"]
[TimeControl "180+1"]
[EndTime "14:35:18 PDT"]
[Termination "jaskol95 won by resignation"]

1. e4 e6 2. d4 d5 3. Nc3 Bb4 4. e5 Ne7 5. a3 Bxc3+ 6. bxc3 c5 7. a4 Qa5 8. Bd2 Nbc6 9. Nf3 Bd7 10. Bd3 c4 11.
Be2 O-O-O 12. O-O Qc7 13. Bc1 h5 14. Ba3 Nf5 15. Qd2 f6 16. exf6 gxf6 17. Rfb1 Rdg8 18. a5 Nd6 19. Rb2 Ne4 20. Qe3 f5 21. Ne5 a6 22. f3 f4 23. Qxf4 Nxc3 24. Bf1 Nb5 25.
Bc5 Nxe5 26. Qxe5 Qxe5 27. dxe5 Bc6 28. h4 Kd7 29. Kf2 Rh7 30. Rd1 Rhg7 31. Bd4 Kc7 32.
c3 Kd7 33. Re2 Kc7 34. Red2 Rf7 35. Rc2 Rgf8 36. Rcd2 Rf4 37. Be3 R4f5 38. Be2 Nxc3 39. Rc1 Ne4+ 40. Ke1 Nxd2 41. Kxd2 Rxe5 42. Bb6+ Kc8 43.
Bc5 Ref5 44. Bxf8 Rxf8 45. Ke3 Kd7 46. f4 Kd6 47. Rd1 Rg8 48. Bf3 e5 49. fxe5+ Kxe5 50. Rd4 Rf8 51. Rd2 Rf4 52. g3 d4+ 53. Kf2 Rxf3+ 54. Ke2 d3+ 55. Ke1 Kd4 56. Rf2 Rxf2 57. Kxf2 c3 58. g4 d2 59. Ke2 Bf3+ 0-1

[Event "*** Titled Tuesday Blitz"]
[Site "Chess.com"]
[Date "2020.04.07"]
[Round "8"]
[White "Shtembuliak"]
[Black "harvsp123"]
[Result "1-0"]
[WhiteElo "2863"]
[BlackElo "2566"]
[TimeControl "180+1"]
[EndTime "14:35:19 PDT"]
[Termination "Shtembuliak won by checkmate"]

1. c4 c6 2. d4 d5 3. cxd5 cxd5 4. Nc3 Nf6 5. Nf3 Nc6 6. Bf4 Nh5 7. Bd2 e6 8. e3 Nf6 9. Bd3 Bd6 10. O-O O-O 11. Qe2 Nb4 12. Bb1 b6 13. a3 Ba6 14.
Nb5 Qd7 15. Bxb4 Bxb5 16. Bd3 Bxd3 17. Qxd3 Ne4 18. Rfc1 Rfc8 19. Qa6 f6 20. Ne1 Bxb4 21. axb4 Rxc1 22. Rxc1 Nd6 23. Nd3 Qb5 24. Qxb5 Nxb5 25. Rc6 Kf7 26. g4 Ke7 27. Nf4 g5 28. Nh5 Kd7 29.
Rc1 Rf8 30. Kg2 h6 31. Kg3 f5 32. h3 Nd6 33. f3 Nc4 34. e4 fxe4 35. fxe4 Nd2 36. exd5 exd5 37. Ra1 Ne4+ 38. Kg2 Rf2+ 39. Kg1 Rxb2 40. Rxa7+ Kc6 41. Rh7 Rxb4 42. Rxh6+ Kb5 43. Nf6 Rxd4 44. Nd7 Rd1+ 45. Kg2 Rd2+ 46. Kf3 Kc4 47. Rxb6 Rf2+ 48. Ke3 Rh2 49. Ne5+ Kc5 50. Rc6+ Kb5 51. Rh6 Kc5 52. Nf3 Ra2 53. Rg6 Ra3+ 54. Ke2 Ra2+ 55.
Ke1 Ra3 56. Ke2 Ra2+ 57. Ke1 Ra3 58. Nxg5 Nxg5 59. Rxg5 Rxh3 60. Kf2 Ra3 61. Rg8 Kd4 62.
Re8 Ra2+ 63. Kf3 Kc3 64. Rc8+ Kd3 65. g5 d4 66. g6 Ra1 67. g7 Rg1 68. g8=Q Rxg8 69.
Rxg8 Kc2 70. Rc8+ Kd2 71. Ke4 d3 72. Rd8 Ke2 73. Rxd3 Ke1 74. Kf3 Kf1 75. Rd1# 1-0

[Event "*** Titled Tuesday Blitz"]
[Site "Chess.com"]
[Date "2020.04.07"]
[Round "8"]
[White "Korchmar_Vasiliy"]
[Black "Sviridov_Valery"]
[Result "0-1"]
[WhiteElo "2619"]
[BlackElo "2786"]
[TimeControl "180+1"]
[EndTime "14:35:20 PDT"]
[Termination "Sviridov_Valery won on time"]

1. d4 g6 2. e4 Bg7 3. Nc3 d6 4. f4 a6 5. Nf3 b5 6. Bd3 Bb7 7. a4 b4 8. Ne2 Nd7 9. O-O c5 10. c3 Ngf6 11. e5 Nd5 12. a5 bxc3 13. bxc3 O-O 14.
Bd2 cxd4 15. cxd4 dxe5 16. fxe5 Rb8 17. Ng3 Nc7 18. Qe2 Nb5 19. Ne4 Bd5 20. Kh1 f6 21.
Rad1 Kh8 22. Qe1 Qc7 23. Rc1 Qb7 24. Qh4 Rbc8 25. Nc5 Nxc5 26. Bxg6 Bg8 27. dxc5 Qd7 28. Be3 Qe6 29. Bb1 f5 30. Nd4 Nxd4 31. Bxd4 Qd7 32. Rcd1 Qe6 33. Qf2 f4 34. Qe2 Qc4 35. Qb2 Rb8 36.
Qc3 Qxc3 37. Bxc3 Bc4 38. Bd3 Rb3 39. Bxc4 Rxc3 40. Bxa6 Rxc5 41. Ra1 Bxe5 42. Ra2 Ra8 43. Bb7 Raxa5 44. Rxa5 Rxa5 45. Bf3 Kg7 46. Re1 h6 47. h3 Kf6 48. Kh2 Bd4 49. Rd1 Bf2 50. Rf1 Bg3+ 51.
Kg1 Ra4 52. Rd1 e5 53. Rd6+ Ke7 54. Rd1 e4 55. Be2 Ra2 56. Bc4 Rc2 57. Bd5 e3 0-1

[Event "*** Titled Tuesday Blitz"]
[Site "Chess.com"]
[Date "2020.04.07"]
[Round "8"]
[White "Atanejhad"]
[Black "Training_Day"]
[Result "1-0"]
[WhiteElo "2523"]
[BlackElo "2337"]
[TimeControl "180+1"]
[EndTime "14:35:20 PDT"]
[Termination "Atanejhad won on time"]

1. e4 e5 2. Nf3 Nc6 3. Bb5 a6 4. Ba4 Nf6 5. O-O Nxe4 6. Re1 Nc5 7. Bxc6 dxc6 8. Nxe5 Be7 9. d3 O-O 10. Nd2 Bf5 11. Nf1 Ne6 12. Ng3 Bg6 13. Nxg6 hxg6 14. Bd2 Bf6 15. Bc3 Bxc3 16. bxc3 b6 17. Qf3 Qd5 18.
Ne4 Rfe8 19. c4 Qd7 20. c3 c5 21. Rad1 Rad8 22. h4 Qe7 23. Qg3 Qd7 24. h5 Nf8 25. h6 f5 26. hxg7 Kxg7 27. Ng5 Qd6 28. Qh4 Qf6 29. d4 cxd4 30. cxd4 b5 31. Rxe8 Rxe8 32.
cxb5 axb5 33. d5 Re4 34. Qg3 Qe5 35. Qxe5+ Rxe5 36. Rc1 Rxd5 37. Rxc7+ Kf6 38. f4 Nd7 39. g3 Ke7 40. Kg2 Kd6 41. Rc2 Rc5 42. Rd2+ Rd5 43. Rb2 Kc5 44. Nf3 b4 45. Rc2+ Kb5 46. Kh3 Nc5 47.
Nh4 Ne4 48. Nxg6 Rd3 49. Rg2 Ka4 50. Ne5 Re3 51. Kh2 Nc3 52. Nc4 Re2 53. Rxe2 Nxe2 54. Nd6 Nc3 55. Nxf5 Nxa2 56. Nd4 1-0

[Event "*** Titled Tuesday Blitz"]
[Site "Chess.com"]
[Date "2020.04.07"]
[Round "8"]
[White "Gentlejimmy7"]
[Black "LittlePeasant"]
[Result "1-0"]
[WhiteElo "2636"]
[BlackElo "2773"]
[TimeControl "180+1"]
[EndTime "14:35:21 PDT"]
[Termination "Gentlejimmy7 won by resignation"]

1. d4 Nf6 2. g3 c5 3. Bg2 cxd4 4.
Qd3 Nc6 5. Nf3 e5 6. Bg5 d5 7.
Qb3 Bb4+ 8. c3 dxc3 9. bxc3 Be7 10. O-O O-O 11. Rd1 e4 12. Nd4 h6 13. Bxf6 Bxf6 14. Nc2 Be6 15. Bxe4 Na5 16. Qb2 Nc4 17. Qc1 Rc8 18. Bg2 Qa5 19. Nd4 b5 20. a3 Rfe8 21. e3 Bg4 22. Re1 Red8 23. Nd2 Ne5 24. N2b3 Qxc3 25.
Qxc3 Rxc3 26. Rac1 Rdc8 27. Rxc3 Rxc3 28. Bxd5 a6 29.
Rc1 Rxc1+ 30. Nxc1 Be7 31. Bb7 Bxa3 32. Ncb3 b4 33.
Bxa6 Bb2 34. f4 Nf3+ 35. Nxf3 Bxf3 36. Bc4 Bc3 37. Kf2 Bd1 38. e4 Kf8 39. Ke3 f6 40. h3 Ke7 41. g4 Kd6 42. Nc1 Bb2 43. Nd3 Ba3 44. Kd2 Bf3 45. Ke3 Bg2 46. h4 Bh3 47. g5 fxg5 48. hxg5 h5 49. f5 Ke7 50. Bb3 h4 51. Nf4 Bg4 52. Ng6+ Kd6 53. Nxh4 Bc1+ 54. Kd4 Bxg5 55. e5+ Kc6 56. Ng6 Bxf5 57. Nf8 Be7 58. Ne6 g5 59. Ke3 Bc5+ 60. Kf3 Bb6 61. Nxg5 Bd4 62.
e6 Kd6 63. Kf4 Bg6 64. Nf7+ Ke7 65. Ne5 Bb1 66. Nc6+ Kd6 67. Nxd4 1-0

[Event "*** Titled Tuesday Blitz"]
[Site "Chess.com"]
[Date "2020.04.07"]
[Round "8"]
[White "Borsuk_Konstantin"]
[Black "TomPolgar"]
[Result "1-0"]
[WhiteElo "2463"]
[BlackElo "2308"]
[TimeControl "180+1"]
[EndTime "14:35:21 PDT"]
[Termination "Borsuk_Konstantin won by checkmate"]

1. d4 Nf6 2. c4 e6 3. Nc3 Bb4 4. Qc2 O-O 5. a3 Bxc3+ 6. Qxc3 d5 7. Bg5 dxc4 8. e3 b6 9. Bxc4 Bb7 10. Nf3 Nbd7 11.
Be2 Rc8 12. b4 Ne4 13. Bxd8 Nxc3 14. Bh4 c5 15. dxc5 bxc5 16. b5 Nb6 17. Kd2 Ne4+ 18. Kc2 f6 19. a4 Nd5 20. Bc4 Rfd8 21. Rhd1 Kf7 22. Kb3 h5 23. Bg3 g5 24. Rac1 h4 25. Nxh4 gxh4 26. Bxh4 Rh8 27. Bg3 Nxg3 28. hxg3 Ke7 29.
e4 Nb6 30. f3 Rcd8 31. a5 Rxd1 32. Rxd1 Nd7 33. Rd2 Rh1 34. Kb2 Rg1 35. Rc2 Ne5 36.
Kc3 Nd7 37. g4 Ra1 38. Ba2 Rg1 39. Bc4 Ra1 40. Ba2 Bc8 41. Kb2 Rg1 42. Bb3 Bb7 43. Ba4 Kd6 44. Rd2+ Kc7 45. b6+ axb6 46. Rxd7+ Kc8 47.
axb6 Rxg2+ 48. Kc3 Rf2 49. Rc7+ Kb8 50. Re7 Rxf3+ 51. Kc4 Ba6+ 52. Kxc5 Rc3+ 53. Kd6 Re3 54. Bc6 Rd3+ 55. Kxe6 Rf3 56. Re8+ Bc8+ 57. Kd6 Rd3+ 58.
Bd5 Rb3 59. b7 Rb6+ 60. Kc5 Rxb7 61. Bxb7 Kxb7 62. Rxc8 Kxc8 63. Kd6 Kd8 64. Ke6 Ke8 65. Kxf6 Kf8 66. g5 Kg8 67. g6 Kf8 68. e5 Kg8 69. e6 Kf8 70. e7+ Kg8 71. e8=Q# 1-0